 Dungeon Crawl Stone Soup version 0.28.0-53-g5a82cb258f (webtiles) character file.

Game seed: 15988406614645017440

70 sakkuzi the Skirmisher (level 4, -1/37 HPs)
             Began as a Human Cinder Acolyte on July 14, 2022.
             Was a High Priest of Ignis.
             Succumbed to an adder's poison
             ... on level 4 of the Dungeon.
             The game lasted 00:13:18 (2491 turns).

sakkuzi the Skirmisher (Human Cinder Acolyte)       Turns: 2491, Time: 00:13:19

Health: -1/37      AC:  5    Str: 14    XL:     4   Next: 44%
Magic:  5/5        EV: 11    Int: 14    God:    Ignis [*****.]
Gold:   40         SH:  0    Dex: 11    Spells: 5/5 levels left

rFire   + . .      SeeInvis .   a - -1 spear (flame)
rCold   . . .      Faith    .   (no shield)
rNeg    + . .      Spirit   .   c - +1 leather armour
rPois   .          Reflect  .   g - +0 helmet
rElec   .          Harm     .   (no cloak)
rCorr   .          Rampage  .   (no gloves)
Will    .....                   (no boots)
Stlth   +.........              (no amulet)
HPRegen 0.12/turn               h - ring of positive energy
MPRegen 0.09/turn               (no ring)

@: lethally poisoned (-1 -> -7), slowed, very slow
A: no striking features
a: Renounce Religion, Fiery Armour, Foxfire Swarm, Rising Flame


You were on level 4 of the Dungeon.
You worshipped Ignis.
Ignis was extremely pleased with you.
You visited 1 branch of the dungeon, and saw 3 of its levels.

You collected 40 gold pieces.

Inventory:

Hand Weapons
 a - a -1 spear of flaming (weapon)
Missiles
 f - 5 poisoned darts (quivered)
Armour
 c - a +1 leather armour (worn)
 g - a +0 helmet (worn)
Magical Staves
 b - a staff of fire
Jewellery
 h - a ring of positive energy (left hand)


   Skills:
 + Level 3.7 Fighting
 + Level 3.5 Polearms
 * Level 1.6 Armour
 * Level 1.1 Dodging
 - Level 1.0 Spellcasting
 - Level 3.0 Fire Magic


You had 5 spell levels left.
You didn't know any spells.
Your spell library contained the following spells:

 Spells                   Type           Power      Damage    Failure   Level
 Scorch                   Fire           18%        2d6       14%         2


Dungeon Overview and Level Annotations

Branches:
Dungeon (2/15)

Altars:

Annotations:
D:4 Natasha


Message History

You closely miss Natasha.
Natasha is moderately wounded.
The adder bites you. Natasha casts a spell at you.
You feel yourself slow down. The adder bites you but does no damage.
You hit Natasha but do no damage.
Natasha is moderately wounded.
The goblin hits you but does no damage. Natasha misses you.
The adder barely misses you. The goblin misses you.
You closely miss the goblin. The adder barely misses you.
Natasha barely misses you. The adder closely misses you. The goblin misses you.
Natasha barely misses you.
You hit the goblin but do no damage. The adder bites you but does no damage.
The goblin hits you with a +0 club.
Natasha stares at you and mumbles some strange words.
The magic dart hits you. The adder bites you.
You hit the goblin but do no damage. The goblin hits you but does no damage.
The adder bites you. Natasha casts a spell at you. The magic dart hits you.
The goblin hits you with a +0 club. The adder completely misses you.
Natasha claws you!
* * * LOW HITPOINT WARNING * * *
You closely miss the goblin. The adder closely misses you.
The goblin hits you with a +0 club.
* * * LOW HITPOINT WARNING * * *
Natasha mumbles some strange words.
The adder barely misses you.
You hit Natasha. You burn Natasha.
Natasha is severely wounded.
The goblin hits you but does no damage. The adder bites you.
* * * LOW HITPOINT WARNING * * *
You are lethally poisoned!
The adder poisons you!
Natasha howls an incantation.
You feel troubled. Natasha closely misses you.
The white imp completely misses you. The goblin misses you.
The adder barely misses you. Natasha closely misses you.
You hit the goblin. You burn the goblin.
You kill the goblin!
You die...

#..##
#......#..
#g.#
#.........
#..#
#.........
#..#
#.$....##.
#..#
#......# #
##..#
#..[...#
#...#
#..)...#
##S.##
#......#
#@).#
#......#
#5h.#
########
#.### ###


You could see Natasha, an adder and a white imp (summoned).

Vanquished Creatures
  Robin (D:2)
  An adder (D:1)
  A worm (D:1)
  A dart slug (D:1)
  3 ball pythons (D:1)
  3 endoplasms
  A giant cockroach (D:1)
  10 goblins
  9 hobgoblins
  5 bats
  4 kobolds
  2 rats (D:1)
41 creatures vanquished.

Vanquished Creatures (others)
  8 toadstools (D:2)
8 creatures vanquished.

Grand Total: 49 creatures vanquished

Notes
Turn   | Place    | Note
-------+----------+-------------------------------------------
     0 | D:1      | sakkuzi the Human Cinder Acolyte began the quest for the
                  | Orb.
     0 | D:1      | Reached XP level 1. HP: 18/18 MP: 2/2
   489 | D:1      | Reached XP level 2. HP: 19/24 MP: 3/3
   844 | D:1      | Reached XP level 3. HP: 17/29 MP: 4/4
  1338 | D:1      | Reached skill level 1 in Dodging
  1395 | D:1      | Reached skill level 1 in Armour
  1633 | D:2      | Noticed Robin
  1653 | D:2      | Reached XP level 4. HP: 5/35 MP: 5/5
  2234 | D:2      | Killed Robin
  2445 | D:2      | You fall into a shaft and drop 2 floors!
  2445 | D:4      | Noticed Natasha
  2490 | D:4      | HP: 1/37 [adder (4)]
  2491 | D:4      | Succumbed to an adder's poison

Illustrated notes

Levels and vault maps discovered:
D:1:      dpeg_arrival_brainrot, layout_basic, chequers_serial_rivers_large_a,
          minivault_26
D:2:      cheibrodos_fertilizer, layout_loops_corners,
          nicolae_ecumenical_snake_handling, st_stairs_10, minmay_pentomino_p4,
          uniq_robin, uniq_terence, uniq_jessica
D:4:      kennysheep_the_goblin_king, layout_rooms, uniq_natasha

Skill      XL: |  1  2  3 |
---------------+----------+-----
Dodging        | 1 |  1.1
Armour         | 1 |  1.6
Fighting       | |  3.7
Polearms       | |  3.5
Spellcasting   | |  1.0
Fire Magic     | |  3.0

Action                   |  1- 3 |  4- 6 || total
-------------------------+-------+-------++-------
Melee: Spear             |   153 |    50 ||   203
       Unarmed           |     5 |       ||     5
       Punch             |     3 |       ||     3
Invok: Fiery Armour      |     2 |       ||     2
  Use: Scroll            |     1 |     3 ||     4
       Potion            |       |     1 ||     1
Armor: Robe              |     4 |       ||     4
       Leather armour    |    38 |    17 ||    55
Dodge: Dodged            |    75 |    48 ||   123
